 Dungeon Crawl Stone Soup version 0.20.0-8-g6b59dc7 (webtiles) character file.

24143 shpingle the Transmogrifier (level 12, -3/58 HPs)
             Began as a Spriggan Transmuter on May 31, 2017.
             Was a High Priest of Makhleb.
             Slain by a 17-headed hydra (10 damage)
             ... on level 6 of the Lair of Beasts on June 1, 2017.
             The game lasted 02:00:35 (20832 turns).

shpingle the Transmogrifier (Spriggan Transmuter)  Turns: 20832, Time: 02:00:35

Health: -3/58      AC:  8    Str:  6    XL:     12   Next: 78%
Magic:  27/27      EV: 28    Int: 21    God:    Makhleb [*****.]
Gold:   612        SH:  8    Dex: 23    Spells: 4/27 levels left

rFire    + . .     SeeInvis +   a - +10 scimitar "Manwoeza" {slice, +Blink rF+ Dex+4}
rCold    . . .     Gourm    .   L - +0 buckler
rNeg     . . .     Faith    +   N - +2 robe of Happy Babbling {rPois}
rPois    +         Spirit   .   (helmet restricted)
rElec    +         Reflect  .   F - +2 cloak
rCorr    +         Harm     .   (gloves unavailable)
MR       ++...                  (boots unavailable)
Stlth    ++++......             r - amulet "Zuipikh" {Faith rElec Dex+2}
Regen    0.2/turn               m - ring of stealth
MPRegen  0.2/turn               h - ring of resist corrosion

@: very quick
A: unfitting armour, antennae 1, see invisible, clever 1, herbivore 3, speed 3,
high mp 1, shaggy fur 1, slow metabolism 2
a: Minor Destruction, Lesser Servant of Makhleb, Major Destruction, Greater
Servant of Makhleb, Renounce Religion, Evoke Blink


You were on level 6 of the Lair of Beasts.
You worshipped Makhleb.
Makhleb was extremely pleased with you.
You were not hungry.

You visited 2 branches of the dungeon, and saw 14 of its levels.
You also visited: Ossuary and Volcano.

You collected 942 gold pieces.
You spent 330 gold pieces at shops.

Inventory:

Hand Weapons
 a - the +10 scimitar "Manwoeza" (weapon) {slice, +Blink rF+ Dex+4}
   (You found it on level 1 of the Lair of Beasts)

   It inflicts extra damage upon your enemies.
   It affects your dexterity (+4).
   It protects you from fire.
   It lets you blink.
 b - a +0 hunting sling
 P - the +6 mace of Ashenzari's Approval {freeze, MR++ Str-2 Dex+3 Stlth+}
   (You found it on level 6 of the Dungeon)

   It has been specially enchanted to freeze those struck by it, causing extra
   injury to most foes and up to half again as much damage against particularly
   susceptible opponents.
   It can also slow down cold-blooded creatures.
   It affects your strength (-2).
   It affects your dexterity (+3).
   It affects your resistance to hostile enchantments.
   It makes you more stealthy.
 T - a +0 blowgun
Missiles
 i - 299 stones
 n - 60 poisoned needles
 p - 212 arrows
 Q - 4 silver tomahawks
 U - 2 throwing nets
 V - 15 tomahawks (quivered)
Armour
 B - a +1 robe of magic resistance
 F - a +2 cloak (worn)
 L - a +0 buckler (worn)
 N - the +2 robe of Happy Babbling (worn) {rPois}
   (You found it on level 3 of the Lair of Beasts)

   It protects you from poison.
Jewellery
 h - a ring of resist corrosion (right hand)
 k - an uncursed ring of fire
 m - a ring of stealth (left hand)
 r - the amulet "Zuipikh" (around neck) {Faith rElec Dex+2}
   (You found it on level 5 of the Dungeon)

   [amulet of faith]

   It allows you to gain divine favour quickly.
   It affects your dexterity (+2).
   It insulates you from electricity.
 A - an uncursed amulet of regeneration {unknown}
Wands
 d - a wand of polymorph (7/24)
 o - a wand of digging (12/24)
 C - a wand of flame (10/48)
 X - a wand of paralysis (19/24)
 Y - a wand of confusion (2/48)
Scrolls
 j - 9 scrolls of remove curse
 l - 2 scrolls of fear
 v - 7 scrolls of teleportation
 w - a scroll of blinking
 x - a scroll of torment
 y - 2 scrolls of magic mapping
 z - 2 scrolls of enchant armour
 O - a scroll of random uselessness {unknown}
 R - a scroll of enchant weapon {unknown}
 W - 2 scrolls of recharging
 Z - a scroll of amnesia
Potions
 g - 2 potions of berserk rage {unknown}
 q - 2 potions of heal wounds
 s - 7 potions of curing
 t - 6 potions of might
 u - 5 potions of mutation
 G - a potion of cancellation
 H - 3 potions of ambrosia
 I - 2 potions of magic
 J - 2 potions of agility
 K - 4 potions of lignification
 M - 2 potions of flight
 S - 2 potions of resistance
Miscellaneous
 e - a lamp of fire (inert)
 E - a phial of floods (inert)
Comestibles
 f - 11 royal jellies
 D - 2 bread rations


   Skills:
 - Level 4.0 Fighting
   Level 3.8(3.9) Short Blades
 - Level 1.0(2.0) Long Blades
 - Level 4.0 Slings
 - Level 10.0 Dodging
 - Level 5.1 Stealth
 - Level 4.0 Shields
 + Level 7.7 Unarmed Combat
 - Level 8.1 Spellcasting
 + Level 4.6 Conjurations
   Level 4.6 Translocations
 - Level 11.4 Transmutations
 * Level 6.3 Air Magic
 + Level 5.7 Poison Magic
 + Level 4.2 Invocations
 - Level 5.0 Evocations


You had 4 spell levels left.
You knew the following spells:

 Your Spells              Type           Power        Failure   Level  Hunger
a - Beastly Appendage     Tmut           ######       1%          1    None
b - Sticks to Snakes      Tmut           ######..     1%          2    None
c - Summon Lightning Spi  Summ/Air       ###.....     26%         4    ###....
d - Blade Hands           Tmut           ######....   2%          5    #####..
e - Poison Arrow          Conj/Pois      ####......   87%         6    ######.
f - Mephitic Cloud        Conj/Pois/Air  ####....     3%          3    None
g - Poisonous Vapours     Pois/Air       ####..       1%          2    None


Dungeon Overview and Level Annotations

Branches:
Dungeon (8/15)             Temple (0/1) D:5            Lair (6/6) D:8
 Shoals (0/4) Lair:3        Snake (0/4) Lair:2        Slime (0/5) Lair:5

Altars:
Ashenzari
Cheibriados
Dithmenos
Elyvilon
Fedhas
Gozag
Makhleb
Okawaru
Ru
Sif Muna
Trog
Vehumet
Yredelemnul
Beogh

Shops:
D:6 !

Annotations:
Lair:6 exclusion: catoblepas


Innate Abilities, Weirdness & Mutations

You are very small and have problems with some larger weapons.
You are too small for most types of armour.
You have supernaturally acute eyesight. (SInv)
You are a herbivore.
You cover ground extremely quickly.
You need consume almost no food.
You have a pair of small antennae on your head.
Your mind is acute. (Int +2)
You have an increased reservoir of magic. (+10% MP)
You are covered in fur. (AC +1)


Message History

The 17-headed hydra completely misses you.
The 17-headed hydra misses you.
The 17-headed hydra completely misses you.
The 17-headed hydra bites you but does no damage.
The 17-headed hydra bites you!
* * * LOW HITPOINT WARNING * * *
The 17-headed hydra bites you!
* * * LOW HITPOINT WARNING * * *
The 17-headed hydra completely misses you.
The 17-headed hydra bites you.
* * * LOW HITPOINT WARNING * * *
The 17-headed hydra barely misses you. The 17-headed hydra bites you!
* * * LOW HITPOINT WARNING * * *
The 17-headed hydra completely misses you.
The 17-headed hydra misses you. You block the 17-headed hydra's attack.
The 17-headed hydra bites you but does no damage.
The 17-headed hydra closely misses you. The 17-headed hydra misses you.
The 17-headed hydra completely misses you. x2
The 17-headed hydra bites you!
You die...

█P...█ █...███............█..██
█....██ █.....██.÷............██
P.....█ ██...██...........█....█
P.....████..█.█..............↑.█
..†....██....███...[.....†....██
............P██...............█
..P......<..████..............█
......██P...██.█.........██...█
.█....█.........@.........█████
.██..............D...(....██
.█.█.........█.P......(....█
█.██........████....██...█.█
..████......█ █.(..█......█ ..█
███.████ █..............█ ..█ ██
█...............█
█...............█
██...█.........██


You could see a 17-headed hydra.

Vanquished Creatures
  3 hydras
  The ghost of Rhandor the Spear-Bearer, a novice GrFi of Gozag (D:8)
  2 elephants
  A black mamba (Lair:4)
  6 spiny frogs
  3 komodo dragons
  7 blink frogs (Lair:4)
  A hippogriff (D:8)
  9 yaks
  A wyvern (Lair:3)
  A human (D:7)
  2 basilisks
  4 hogs (D:7)
  A fire elemental (Volcano)
  16 water moccasins
  3 nagas (Lair:2)
  14 porcupines
  2 ice beasts
  2 orc warriors (D:8)
  3 phantoms
  2 black bears
  3 sky beasts
  A necrophage (D:8)
  2 ogres
  A swamp drake (Lair:2)
  10 wolves
  3 centaurs
  6 crocodiles
  A big kobold (D:4)
  7 bullfrogs
  The ghost of shpingle the Ducker, an amateur SpTm (D:3)
  A wyvern skeleton (D:8)
  3 scorpions (Ossuary)
  2 electric eels (Lair:2)
  A crimson imp (D:6)
  5 hounds
  4 orc priests
  6 jellies
  3 human zombies (Ossuary)
  6 orc wizards
  Crazy Yiuf (D:6)
  A bullfrog skeleton (D:7)
  2 iguanas
  Ijyb (D:3)
  4 worker ants
  4 hell rats (Lair:5)
  A killer bee zombie (D:6)
  A big kobold zombie (Ossuary)
  2 hound skeletons
  3 mummies (Ossuary)
  A howler monkey zombie (D:6)
  10 gnolls
  25 adders
  2 shadow imps (D:5)
  5 oozes
  2 adder skeletons
  A worm (D:2)
  4 dart slugs
  6 leopard geckos
  48 orcs
  10 giant cockroaches
  5 goblins
  7 hobgoblins
  3 jackals (D:1)
  29 kobolds
  3 quokkas
  5 ball pythons
  7 bats
  4 frilled lizards
  A gnoll zombie (Ossuary)
  2 goblin zombies (Ossuary)
  A jackal skeleton (D:6)
  2 kobold zombies (Ossuary)
  An orc zombie (Ossuary)
  A quokka skeleton (D:7)
  10 rats
  A fungus (D:6)
  4 plants
370 creatures vanquished.

Vanquished Creatures (collateral kills)
  The ghost of Laraso the Bludgeoner, a journeyman FoFi of Okawaru (Lair:5)
  The ghost of shobalk the Spear-Bearer, a journeyman MfAK of Lugonu (Lair:4)
  A hydra (Lair:6)
  2 death yaks (Lair:6)
  A black mamba (Lair:5)
  A torpor snail (Lair:6)
  A gargoyle (Volcano)
  A molten gargoyle (Volcano)
  A spiny frog (Lair:6)
  A komodo dragon (Lair:6)
  A polar bear (Lair:6)
  A blink frog (Lair:4)
  2 yaks (Lair:5)
  A fire elemental (Volcano)
  4 water moccasins
  A porcupine (Lair:5)
  4 wolves
  7 scorpions (Ossuary)
  A centaur zombie (Ossuary)
  A human zombie (Ossuary)
  A bullfrog skeleton (D:5)
  A centaur skeleton (D:5)
  A big kobold zombie (Ossuary)
  A scorpion zombie (Ossuary)
  3 adders
  A shadow imp (D:5)
  A kobold (D:2)
  2 hobgoblin zombies (Ossuary)
  An orc zombie (Ossuary)
46 creatures vanquished.

Vanquished Creatures (others)
  7 fungi
7 creatures vanquished.

Grand Total: 423 creatures vanquished

Notes
Turn   | Place    | Note
-------+----------+-------------------------------------------
     0 | D:1      | shpingle the Spriggan Transmuter began the quest for the Orb.
     0 | D:1      | Reached XP level 1. HP: 9/9 MP: 5/5
   172 | D:1      | Reached skill level 3 in Transmutations
   311 | D:1      | Reached XP level 2. HP: 6/14 MP: 4/6
  1275 | D:1      | Reached XP level 3. HP: 17/17 MP: 6/8
  1279 | D:1      | Learned a level 2 spell: Sticks to Snakes
  1283 | D:1      | Learned a level 3 spell: Spider Form
  2097 | D:2      | Found a radiant altar of Vehumet.
  2644 | D:2      | Found a bloodstained altar of Trog.
  2686 | D:3      | Noticed shpingle's ghost (amateur SpTm)
  2731 | D:2      | Reached skill level 4 in Transmutations
  2731 | D:2      | Reached XP level 4. HP: 11/21 MP: 9/9
  2895 | D:3      | Found a burning altar of Makhleb.
  3705 | D:3      | Became a worshipper of Makhleb the Destroyer
  3888 | D:2      | Reached XP level 5. HP: 23/25 MP: 10/10
  4039 | D:3      | Reached skill level 5 in Transmutations
  4182 | D:4      | Found a sacrificial altar of Ru.
  4202 | D:5      | Entered Level 5 of the Dungeon
  4202 | D:5      | Noticed an ice beast
  4239 | D:5      | Noticed a phantom
  4250 | D:5      | Got a clouded bronze amulet
  4374 | D:5      | Found a sand-covered staircase.
  4379 | Ossuary  | Entered an ossuary
  4611 | Ossuary  | Reached skill level 6 in Dodging
  4611 | Ossuary  | Reached XP level 6. HP: 26/29 MP: 7/11
  5060 | Ossuary  | Reached skill level 6 in Transmutations
  5435 | Ossuary  | Identified the amulet "Zuipikh" {Faith rElec Dex+2} (You found it on level 5 of the Dungeon)
  5532 | Ossuary  | Reached * piety under Makhleb
  5622 | Ossuary  | Reached skill level 3 in Short Blades
  5683 | Ossuary  | Reached skill level 7 in Transmutations
  5773 | Ossuary  | Reached XP level 7. HP: 31/32 MP: 7/12
  6221 | D:5      | Learned a level 5 spell: Blade Hands
  6259 | D:5      | Reached skill level 8 in Transmutations
  6260 | D:5      | Reached skill level 3 in Spellcasting
  6544 | D:4      | Found an opulent altar of Gozag.
  6631 | D:3      | Noticed Ijyb
  6633 | D:3      | Reached ** piety under Makhleb
  6647 | D:3      | Killed Ijyb
  6647 | D:3      | Reached XP level 8. HP: 37/37 MP: 1/13
  7767 | D:4      | Found a snail-covered altar of Cheibriados.
  7975 | D:4      | Reached *** piety under Makhleb
  7975 | D:4      | Reached skill level 9 in Transmutations
  7992 | D:4      | Reached skill level 3 in Unarmed Combat
  8758 | D:5      | Found a staircase to the Ecumenical Temple.
  9193 | D:6      | Reached **** piety under Makhleb
  9627 | D:6      | Found Aniysiott's Distillery.
  9633 | D:6      | Bought a potion of mutation for 120 gold pieces
  9633 | D:6      | Bought 2 potions of agility for 120 gold pieces
  9633 | D:6      | Bought 2 potions of lignification for 90 gold pieces
  9853 | D:6      | Found a runed door.
  9857 | D:6      | Noticed Crazy Yiuf
  9861 | D:6      | Killed Crazy Yiuf
  9871 | D:6      | Got a twisted mace
  9969 | D:7      | Reached skill level 10 in Transmutations
  9969 | D:7      | Reached XP level 9. HP: 31/43 MP: 10/17
  9996 | D:7      | Found a blossoming altar of Fedhas.
  9996 | D:7      | Found a white marble altar of Elyvilon.
  9998 | D:7      | Found an iron altar of Okawaru.
 10006 | D:7      | Learned a level 6 spell: Poison Arrow
 10006 | D:7      | Reached skill level 9 in Dodging
 10006 | D:7      | Reached skill level 3 in Shields
 10006 | D:7      | Reached skill level 6 in Spellcasting
 10006 | D:7      | Reached skill level 11 in Transmutations
 10006 | D:7      | Reached skill level 3 in Invocations
 10006 | D:7      | Reached XP level 10. HP: 43/49 MP: 10/20
 10409 | D:7      | Found a shattered altar of Ashenzari.
 10410 | D:7      | Found a shadowy altar of Dithmenos.
 10411 | D:7      | Found a deep blue altar of Sif Muna.
 10412 | D:7      | Found a basalt altar of Yredelemnul.
 10695 | D:7      | Reached skill level 3 in Slings
 10991 | D:8      | Noticed Rhandor's ghost (novice GrFi)
 11422 | D:8      | Found a staircase to the Lair.
 11423 | D:8      | Noticed an elephant
 11498 | D:8      | Killed an elephant
 11576 | Lair:1   | Entered Level 1 of the Lair of Beasts
 11914 | Lair:1   | Reached ***** piety under Makhleb
 11954 | Lair:1   | Got a steaming scimitar
 11961 | Lair:1   | Noticed a spiny frog
 11971 | Lair:1   | Killed a spiny frog
 12309 | Lair:1   | Learned a level 3 spell: Mephitic Cloud
 12967 | Lair:2   | Gained mutation: Your spells are a little easier to cast, but a little less powerful. [potion of mutation]
 12967 | Lair:2   | Gained mutation: You are weak. (Str -2) [potion of mutation]
 12967 | Lair:2   | Gained mutation: You have an increased reservoir of magic. (+10% MP) [potion of mutation]
 12968 | Lair:2   | Lost mutation: You are weak. (Str -2) [potion of mutation]
 12968 | Lair:2   | Lost mutation: Your spells are a little easier to cast, but a little less powerful. [potion of mutation]
 12968 | Lair:2   | Gained mutation: You are frail. (-10% HP) [potion of mutation]
 12968 | Lair:2   | Gained mutation: You can translocate small distances at will. [potion of mutation]
 12968 | Lair:2   | Gained mutation: You are partially covered in icy blue scales. (AC +2) [potion of mutation]
 12969 | Lair:2   | Lost mutation: You are partially covered in icy blue scales. (AC +2) [potion of mutation]
 12969 | Lair:2   | Lost mutation: You are frail. (-10% HP) [potion of mutation]
 12969 | Lair:2   | Lost mutation: You can translocate small distances at will. [potion of mutation]
 12969 | Lair:2   | Lost mutation: You have an increased reservoir of magic. (+10% MP) [potion of mutation]
 12969 | Lair:2   | Gained mutation: You have an increased reservoir of magic. (+10% MP) [potion of mutation]
 12969 | Lair:2   | Gained mutation: You are covered in fur. (AC +1) [potion of mutation]
 12969 | Lair:2   | Gained mutation: Your mind is acute. (Int +2) [potion of mutation]
 12969 | Lair:2   | Gained mutation: You have a pair of small antennae on your head. [potion of mutation]
 13059 | Lair:2   | Reached XP level 11. HP: 15/53 MP: 21/25
 13100 | Lair:2   | Found a dark tunnel.
 13259 | Volcano  | Entered a volcano
 13332 | Volcano  | Learned a level 2 spell: Poisonous Vapours
 13981 | Lair:2   | Found a staircase to the Snake Pit.
 14569 | Lair:2   | Reached skill level 6 in Unarmed Combat
 14696 | Lair:2   | Reached skill level 3 in Poison Magic
 15409 | Lair:3   | Identified the +10 scimitar "Manwoeza" {slice, +Blink rF+ Dex+4} (You found it on level 1 of the Lair of Beasts)
 15410 | Lair:3   | Identified the +6 mace of Ashenzari's Approval {freeze, MR++ Str-2 Dex+3 Stlth+} (You found it on level 6 of the Dungeon)
 15414 | Lair:3   | Got a ripped robe
 15425 | Lair:3   | Identified the +2 robe of Happy Babbling {rPois} (You found it on level 3 of the Lair of Beasts)
 15613 | Lair:3   | Found a staircase to the Shoals.
 15756 | Lair:3   | Reached skill level 3 in Air Magic
 16087 | Lair:4   | Noticed a five-headed hydra
 16101 | Lair:4   | Killed an eight-headed hydra
 16306 | Lair:4   | Reached skill level 3 in Conjurations
 16724 | Lair:4   | Noticed shobalk's ghost (journeyman MfAK)
 16799 | Lair:4   | Reached XP level 12. HP: 44/58 MP: 22/27
 17199 | Lair:5   | Found a staircase to the Slime Pits.
 17277 | Lair:5   | Noticed a six-headed hydra
 17421 | Lair:5   | Killed a ten-headed hydra
 17566 | Lair:5   | Noticed Laraso's ghost (journeyman FoFi)
 17707 | D:8      | Learned a level 4 spell: Summon Lightning Spire
 17792 | D:8      | Found a roughly hewn altar of Beogh.
 18058 | D:8      | Killed Rhandor's ghost
 18323 | D:3      | Killed shpingle's ghost
 19066 | Lair:4   | Killed shobalk's ghost
 19596 | Lair:5   | Killed Laraso's ghost
 20216 | Lair:6   | Entered Level 6 of the Lair of Beasts
 20285 | Lair:6   | Noticed a death yak
 20316 | Lair:6   | Noticed a death yak
 20333 | Lair:6   | Killed a death yak
 20333 | Lair:6   | Reached skill level 6 in Air Magic
 20364 | Lair:6   | Noticed a catoblepas
 20371 | Lair:6   | Killed a death yak
 20611 | Lair:6   | Noticed a five-headed hydra
 20614 | Lair:6   | Killed a five-headed hydra
 20635 | Lair:6   | Noticed a six-headed hydra
 20680 | Lair:6   | Killed a nine-headed hydra
 20813 | Lair:6   | Noticed a six-headed hydra
 20832 | Lair:6   | Slain by a 17-headed hydra

Skill      XL: |  1  2  3  4  5  6  7  8  9 10 11 12 |
---------------+-------------------------------------+-----
Transmutations | 3 4 5 7 8 10 11 | 11.4
Dodging        | 4 5 6 7 8 9 10 | 10.0
Short Blades   | 1 2 3 |  3.8
Fighting       | 1 2 4 |  4.0
Spellcasting   | 3 4 6 7 8 |  8.1
Slings         | 2 4 |  4.0
Unarmed Combat | 3 4 5 6 7 |  7.7
Stealth        | 5 |  5.1
Shields        | 3 4 |  4.0
Translocations | 4 |  4.6
Invocations    | 3 4 |  4.2
Evocations     | 4 5 |  5.0
Poison Magic   | 1 4 5 |  5.7
Conjurations   | 1 3 4 |  4.6
Air Magic      | 4 6 |  6.3
Long Blades    | 1 |  1.0

Action                   |  1- 3 |  4- 6 |  7- 9 | 10-12 || total
-------------------------+-------+-------+-------+-------++-------
Melee: Unarmed           |   209 |    11 |   166 |   422 ||   808
       Kick              |    22 |    44 |    53 |    46 ||   165
       Headbutt          |    13 |    32 |    15 |     8 ||    68
       Punch             |     2 |     4 |    10 |    17 ||    33
       Dagger            |    47 |   346 |   323 |   162 ||   878
       Scimitar          |       |       |       |   184 ||   184
 Fire: Hunting sling     |       |       |   118 |   187 ||   305
Throw: Stone             |    66 |    93 |    41 |    27 ||   227
       Tomahawk          |       |       |       |     2 ||     2
 Cast: Beastly Appendage |    36 |    30 |    15 |    13 ||    94
       Sticks to Snakes  |     3 |    23 |     9 |    27 ||    62
       Spider Form       |       |     3 |       |       ||     3
       Blade Hands       |       |       |    19 |    50 ||    69
       Poisonous Vapours |       |       |       |    13 ||    13
       Summon Lightning  |       |       |       |    20 ||    20
       Mephitic Cloud    |       |       |       |     1 ||     1
Invok: Lesser Servant of |       |       |       |    14 ||    14
       Minor Destruction |       |       |       |     1 ||     1
       Major Destruction |       |       |       |     1 ||     1
 Abil: End Transformatio |       |     1 |       |     1 ||     2
Evoke: Wand              |       |       |       |    12 ||    12
       Lamp of fire      |       |       |       |     1 ||     1
       Phial of floods   |       |       |       |     1 ||     1
  Use: Scroll            |       |     5 |     8 |    12 ||    25
       Potion            |       |     3 |     3 |     7 ||    13
 Stab: Sleeping          |     2 |       |       |     4 ||     6
       Distracted        |       |     3 |       |     4 ||     7
       Invisible         |       |       |     3 |       ||     3
       Paralysed         |       |       |       |    11 ||    11
  Eat: Bread ration      |     1 |       |     2 |     5 ||     8
       Fruit             |       |       |       |     1 ||     1
Armor: Robe              |    17 |    51 |    15 |    48 ||   131
Dodge: Dodged            |   222 |   228 |   275 |   763 ||  1488
Block: Buckler           |       |       |       |    59 ||    59
       Rpst.: Scimitar   |       |       |       |    28 ||    28
